 Seeded DCSS version 0.30.1-4-g462c640d31 (webtiles) character file.

Game seed: 6351066067085065685 (custom seed)

180980 Esekla the Sorcerer (level 17, -9/103 HPs)
             Began as a Deep Elf Necromancer on Aug 15, 2023.
             Was the Champion of Vehumet.
             Shot with an arrow by a satyr (40 damage)
             ... on level 4 of the Shoals on Aug 16, 2023.
             The game lasted 04:12:47 (27891 turns).

Esekla the Sorcerer (Deep Elf Necromancer)         Turns: 27891, Time: 04:12:48

Health: -9/103     AC: 11    Str:  8    XL:     17   Next: 32%
Magic:  41/45      EV: 17    Int: 37    God:    Vehumet [******]
Gold:   1265       SH:  5    Dex: 15    Spells: 6/60 levels left

rFire   . . .        f - +3 demon blade (flame)
rCold   + . .        E - +0 buckler
rNeg    . . .        P - +0 troll leather armour
rPois   +            M - +2 helmet {Int+3}
rElec   .            k - scarf {repulsion}
rCorr   .            j - +0 pair of gloves
SInv    .            u - +1 pair of boots of Piysunuo {Str+3}
Will    +....        x - amulet of magic regeneration
Stlth   ++           R - ring of Descent {rPois rC+ Int+5 Stlth-}
HPRegen 1.17/turn    Q - ring of the Mage {Wiz Archmagi}
MPRegen 0.69/turn

%: repel missiles, wizardry (x1), archmagi
@: wereblooded, studying Fighting
A: no striking features
}: 1/15 runes: gossamer
a: Renounce Religion


You were on level 4 of the Shoals.
You worshipped Vehumet.
Vehumet was exalted by your worship.
You visited 5 branches of the dungeon, and saw 27 of its levels.
You also visited: Trove and Bailey.

You collected 4289 gold pieces.
You spent 3024 gold pieces at shops.

Inventory:

Hand Weapons
 a - a +5 scimitar
 f - a +3 demon blade of flaming (weapon)
 r - a +4 trident of venom
 s - the +8 arc blade {discharge, rElec}
   (You bought it in a shop on level 4 of the Dungeon)

   rElec:     It insulates you from electricity.
Missiles
 t - 66 poisoned darts
 J - 6 curare-tipped darts
 O - 16 boomerangs (quivered)
Armour
 j - a +0 pair of gloves (worn)
 k - a scarf of repulsion (worn)
 u - the +1 pair of boots of Piysunuo (worn) {Str+3}
   (You found it on level 1 of the Spider Nest)

   Str:       It affects your strength (+3).
 E - a +0 buckler (worn)
 L - the +1 animal skin "Kougi" {rPois rF++ MP+9}
   (You found it on level 2 of the Shoals)

   rF:        It greatly protects you from fire.
   rPois:     It protects you from poison.
   MP:        It affects your magic capacity (+9).
 M - a +2 helmet of intelligence (worn)
 P - a +0 troll leather armour (worn)
 U - a +1 cloak
Magical Staves
 g - a staff of fire
Jewellery
 l - the ring of Akemeir {Fire Str+4}
   (You found it in a treasure trove)

   [ring of fire]

   It enhances your fire magic.
   Str:       It affects your strength (+4).
   rF:        It protects you from fire.
   rC:        It makes you vulnerable to cold.
 x - an amulet of magic regeneration (around neck)
 D - an amulet of reflection
 Q - the ring of the Mage (right hand) {Wiz Archmagi}
   (You bought it in a shop on level 2 of the Dungeon)

   [ring of wizardry]

   It improves your spell success rate.
   Archmagi:  It increases the power of your magical spells.
 R - the ring of Descent (left hand) {rPois rC+ Int+5 Stlth-}
   (You found it in a treasure trove)

   [ring of protection from cold]

   Int:       It affects your intelligence (+5).
   rC:        It protects you from cold.
   rPois:     It protects you from poison.
   Stlth:     It makes you less stealthy.
 S - a ring of ice
 X - the ring of Daythy {rF+ rCorr Str-4 Int+2 Dex+3 SInv}
   (You acquired it on level 2 of the Spider Nest)

   [ring of resist corrosion]

   Str:       It affects your strength (-4).
   Int:       It affects your intelligence (+2).
   Dex:       It affects your dexterity (+3).
   rF:        It protects you from fire.
   SInv:      It lets you see invisible.
   rCorr:     It protects you from acid and corrosion.
Wands
 A - a wand of flame (32)
 C - a wand of roots (27)
 G - a wand of mindburst (5)
 H - a wand of quicksilver (2)
 T - a wand of digging (16)
Scrolls
 d - 5 scrolls of enchant weapon
 e - 8 scrolls of teleportation
 m - 5 scrolls of enchant armour
 n - 3 scrolls of blinking
 q - 5 scrolls of fog
 v - 2 scrolls of silence
 w - 2 scrolls of magic mapping
 y - 6 scrolls of fear
 F - 2 scrolls of poison
 N - a scroll of identify
Potions
 b - 4 potions of magic
 c - 6 potions of brilliance
 h - 11 potions of haste
 i - 6 potions of attraction
 o - 3 potions of curing
 p - 4 potions of heal wounds
 z - 5 potions of lignification
 B - 6 potions of ambrosia
 I - 4 potions of might
 K - 3 potions of cancellation
 V - 3 potions of flight
 W - 2 potions of resistance
 Y - a potion of berserk rage


   Skills:
 * Level 10.4 Fighting
 + Level 5.5(6.4) Short Blades
 + Level 4.2(5.4) Long Blades
 + Level 2.3 Throwing
 - Level 4.0 Armour
 * Level 13.7 Dodging
 + Level 7.0 Stealth
 - Level 3.2 Shields
 * Level 22.1 Spellcasting
 + Level 7.1 Conjurations
 + Level 11.1 Necromancy
 + Level 5.3 Translocations
 + Level 7.8 Transmutations
 + Level 7.2 Fire Magic
 + Level 8.4 Ice Magic
 + Level 8.3 Air Magic
 * Level 4.4 Earth Magic
 - Level 7.5 Poison Magic
 + Level 1.1 Evocations


You had 6 spell levels left.
You knew the following spells:

 Your Spells              Type           Power      Damage    Failure   Level
a - Necrotise             Necr           100%       1d9       0%          1
b - Fireball              Conj/Fire      48%        3d19      1%          5
c - Mephitic Cloud        Conj/Pois/Air  98%        N/A       1%          3
d - Vampiric Draining     Necr           100%       2d13      1%          3
e - Lee's Rapid Deconstr  Erth           42%        3d20*     1%          5
g - Ozocubu's Refrigerat  Ice            50%        4d18      4%          7
i - Irradiate             Conj/Tmut      49%        3d28      1%          5
n - Ignite Poison         Fire/Tmut/Pois 98%        N/A       1%          3
o - Scorch                Fire           100%       2d9       1%          2
t - Teleport Other        Tloc           88%        N/A       1%          3
v - Poisonous Vapours     Pois/Air       100%       N/A       1%          2
w - Wereblood             Tmut           99%        N/A       1%          2
x - Olgreb's Toxic Radia  Pois           98%        N/A       1%          4
y - Sticky Flame          Conj/Fire      96%        2d11      1%          4
z - Freezing Cloud        Conj/Ice/Air   50%        6-21      1%          5

Your spell library contained the following spells:

 Spells                   Type           Power      Damage    Failure   Level
 Eringya's Noxious Bog    Tmut/Pois      49%        N/A       1%          6
 Sublimation of Blood     Necr           100%       N/A       0%          2
 Foxfire                  Conj/Fire      100%       2x1d9     1%          1
 Kiss of Death            Conj/Necr      100%       2d13      1%          1
 Sting                    Tmut/Pois      100%       1d8       1%          1
 Lesser Beckoning         Tloc           100%       N/A       1%          2
 Gell's Gravitas          Tloc           88%        N/A       1%          3
 Hailstorm                Conj/Ice       99%        3d19      1%          3
 Portal Projectile        Hex/Tloc       100%       N/A       1%          3
 Spider Form              Tmut/Pois      98%        N/A       1%          3
 Stone Arrow              Conj/Erth      100%       3d13      1%          3
 Vhi's Electric Charge    Tloc/Air       100%       N/A       1%          3
 Animate Dead             Necr           100%       N/A       1%          4
 Flame Wave               Conj/Fire      96%        2d20      1%          4
 Manifold Assault         Tloc           88%        N/A       1%          4
 Passage of Golubria      Tloc           88%        N/A       1%          4
 Summon Ice Beast         Ice/Summ       83%        N/A       1%          4
 Agony                    Necr           100%       N/A       1%          5
 Arcjolt                  Conj/Air       49%        1d59      1%          5
 Plasma Beam              Fire/Air       49%        2x1d70    1%          6
 Starburst                Conj/Fire      48%        6d13      1%          6
 Silence                  Hex/Air        41%        N/A       2%          5
 Cause Fear               Hex            28%        N/A       5%          4
 Dispersal                Tloc           44%        N/A       9%          6
 Summon Mana Viper        Hex/Summ       57%        N/A       16%         5
 Maxwell's Capacitive Co  Air            50%        ∞         28%         8
 Ignition                 Fire           48%        3d14      38%         8
 Lehudib's Crystal Spear  Conj/Erth      45%        10d11     56%         8
 Summon Hydra             Summ           28%        N/A       98%         7
 Disjunction              Tloc           44%        N/A       98%         8


Dungeon Overview and Level Annotations

Branches:
Dungeon (12/15)            Temple (0/1) D:6            Lair (5/5) D:11
 Shoals (4/4) Lair:2       Spider (4/4) Lair:3        Slime (0/5) Lair:5
    Orc (2/2) D:10            Elf (0/3) Orc:2        Bailey (visited)

Altars:
Dithmenos
Fedhas
Hepliaklqana
Nemelex Xobeh
Okawaru
Qazlal
Ru
Trog
Uskayaw
Vehumet
Zin
The Shining One
Jiyva

Shops:
D:2 =   D:4 (   D:11 *   Orc:2 **[:   Shoals:2 (   Shoals:3 !

Portals:
Pandemonium: Orc:2


Message History

Things that are here:
a +0 trident; a throwing net; a merfolk corpse
Casting: Ignite Poison (safe; 1% risk of failure)
Confirm with . or Enter, or press ? or * to list all spells.
You feel a surge of power!
You begin to radiate toxic energy.
The satyr is poisoned.
The faun is poisoned.
The satyr looks even sicker.
You block the faun's attack.
The satyr unwields a +0 spear.
The satyr wields a +0 longbow.
The satyr shoots an arrow.
The arrow barely misses you.
You hear a shout!
Casting: Olgreb's Toxic Radiance (safe; 1% risk of failure)
Confirm with . or Enter, or press ? or * to list all spells.
You feel a surge of power!
Your blood is infused with primal strength.
The faun looks even sicker.
The faun unwields a +0 spear.
The faun wields a +0 sling.
The faun shoots a sling bullet.
The sling bullet hits you.
Found 2 boomerangs.
The satyr shoots an arrow.
The arrow barely misses you.
A merfolk comes into view. It is wielding a +0 trident.
The faun unwields a +0 sling.
The faun wields a +0 spear.
The faun hits you but does no damage.
Casting: Wereblood (safe; 1% risk of failure)
Confirm with . or Enter, or press ? or * to list all spells.
Aiming: Poisonous Vapours (safe; 1% risk of failure)
Press: ? - help, Dir - move target, f - merfolk
Aim: a merfolk, wielding a +0 trident You feel a surge of power!
Poisonous vapours surround the merfolk!
The merfolk is poisoned.
The faun looks even sicker.
The satyr plays a frightful melody on his pipes!
The satyr radiates an aura of fear!
You easily resist.
Casting: Poisonous Vapours (safe; 1% risk of failure)
Confirm with . or Enter, or press ? or * to list all spells.
Okay, then.
You hit the faun but do no damage.
The faun is heavily wounded.
Your toxic aura wanes.
The satyr shoots an arrow.
The arrow hits you!! The faun hits you with a +0 spear!!
The faun hits you with a +0 spear!
The satyr shoots an arrow.
The arrow hits you!!!
You die...

≈≈≈≈≈~~~~~~~~~~.#~~
≈≈≈≈~~~~~~~~~~.#~~~
≈≈≈≈~~~...~~~##~~~##
≈≈≈≈~~.<....~##~~~.#
≈≈≈≈~P<.....~##^)~.
≈≈≈≈~..##..~~##..~##
≈≈≈≈~..##..^~....~.#
≈≈≈≈~P......~....~.#
≈≈≈≈~...P.~.~...@c~#
≈≈≈≈~.....~#.##).~~#
≈≈≈≈~....~##...##..~..~
≈≈≈≈~.....'.....+....m..
≈≈≈≈~..†..#.~..##..8)...
≈≈≈≈~...<.~#.#.#..~#.#c.
≈≈≈≈~....†..~'.....#.~.(
≈≈≈≈~..))...~.....## ..
≈≈≈≈~..##.P†~...~..#


You could see a satyr (very poisoned), a merfolk (very poisoned) and a faun
(strong, very poisoned).

Vanquished Creatures
  Mara (Spider:4)
  Rupert (Lair:4)
  A kraken (Shoals:3)
  Ilsuiw (Shoals:3)
  9 emperor scorpions
  4 ghost moths
  2 orc warlords
  A broodmother (Spider:3)
  Azrael (Orc:2)
  2 spark wasps
  3 merfolk javelineers (Shoals:3)
  3 merfolk impalers
  4 fire dragons
  5 entropy weavers
  Harold (D:9)
  A demonspawn (Orc:2)
  3 merfolk aquamancers
  2 hydras (Lair:3)
  3 radroaches
  2 satyrs
  3 jorogumos
  A catoblepas (Lair:5)
  An alligator snapping turtle (Shoals:3)
  3 merfolk avatars (Shoals:3)
  3 boulder beetles
  3 two-headed ogres
  3 orc high priests (Orc:2)
  2 pharaoh ants
  A sun moth (Spider:1)
  Lodul (D:11)
  11 sea snakes
  4 skysharks
  10 orb spiders
  Pikel (D:6)
  A swamp dragon (Lair:5)
  3 steelbarb worms
  2 lindwurms (Lair:5)
  18 harpies
  An oklob plant (Lair:5)
  An ugly thing (D:12)
  8 orc knights
  8 wolf spiders
  7 cyclopes
  9 orc sorcerers (Orc:2)
  3 moths of wrath
  Joseph (D:7)
  18 manticores
  18 fauns
  6 merfolk sirens
  2 black mambas
  5 elephants (Lair:5)
  5 water nymphs
  7 torpor snails
  2 gargoyles
  A smoke demon (Orc:2)
  3 demonic crawlers
  11 cane toads
  Psyche (D:11)
  3 rime drakes
  15 komodo dragons
  A kobold demonologist (D:10)
  A red devil (Orc:2)
  21 merfolk
  A polar bear (D:11)
  7 trolls
  12 hornets
  3 tyrant leeches (Lair:5)
  2 wind drakes
  5 blink frogs (Lair:1)
  9 tarantellas
  4 centaur simulacra (D:11)
  6 snapping turtles
  11 jumping spiders
  33 yaks
  A vampire (D:12)
  7 culicivoras
  A wraith (D:12)
  12 spriggans (Lair:3)
  3 water elementals
  5 basilisks
  A chaos spawn (Orc:2)
  3 fire elementals (Orc:2)
  3 steam dragons
  5 wyverns
  29 redbacks
  Menkaure (D:7)
  3 wargs
  2 acid dragons (Lair:5)
  6 ice beasts
  4 hell hounds (Orc:2)
  14 water moccasins
  2 swamp drakes (Lair:5)
  A sky beast (D:6)
  43 orc warriors
  2 black bears
  18 ogres
  2 centaurs
  3 boggarts (Lair:3)
  12 wolves
  A phantom (D:7)
  Blork the orc (D:6)
  4 kobold brigands
  4 gnoll sergeants
  An earth elemental (D:10)
  10 bullfrogs
  3 scorpions
  10 wights
  19 killer bees
  2 howler monkeys (D:10)
  An electric eel (D:11)
  2 quasits (D:8)
  6 hounds
  A jelly (D:6)
  Crazy Yiuf (D:7)
  31 orc priests
  3 gnoll boudas
  A sleepcap (D:5)
  7 iguanas
  12 hell rats
  14 orc wizards
  34 gnolls
  9 adders
  3 shadow imps
  9 white imps
  3 ufetubi
  A worm (D:4)
  3 dart slugs
  95 orcs
  6 ball pythons
  4 endoplasms
  9 goblins
  7 hobgoblins
  A quokka (D:1)
  3 training dummies (Shoals:2)
  4 bats
  4 frilled lizards
  21 kobolds
  A rat (D:1)
  A butterfly (Lair:4)
  3 tentacles (Shoals:3)
910 creatures vanquished.

Vanquished Creatures (collateral kills)
  2 killer bees
2 creatures vanquished.

Vanquished Creatures (others)
  An orc priest (Orc:2)
  A tentacle (Shoals:3)
2 creatures vanquished.

Grand Total: 914 creatures vanquished

Notes
Turn   | Place    | Note
-------+----------+-------------------------------------------
     0 | D:1      | Esekla the Deep Elf Necromancer began the quest for the
                  | Orb.
     0 | D:1      | Reached XP level 1. HP: 10/10 MP: 6/6
   450 | D:4      | Found an iron altar of Okawaru.
   503 | D:4      | Found a glowing silver altar of Zin.
   523 | D:4      | Found a radiant altar of Vehumet.
   534 | D:4      | Found a glowing golden altar of the Shining One.
   548 | D:4      | Became a worshipper of Vehumet
   594 | D:4      | Reached skill level 5 in Necromancy
   654 | D:3      | Reached XP level 2. HP: 15/15 MP: 8/8
   816 | D:3      | Found a hazy altar of Hepliaklqana.
   818 | D:3      | Found a bloodstained altar of Trog.
   819 | D:3      | Found a stormy altar of Qazlal.
   854 | D:3      | Reached skill level 1 in Short Blades
   854 | D:3      | Reached XP level 3. HP: 18/19 MP: 10/10
   869 | D:3      | Learned a level 3 spell: Vampiric Draining
  1060 | D:4      | Found Ponaysk's Antique Weapon Boutique.
  1445 | D:3      | Identified the +5 rapier of the Hero {heavy, rN+ Dex+3}
  1578 | D:2      | Found Renulab's Jewellery Shop.
  1625 | D:2      | Reached XP level 4. HP: 24/24 MP: 11/11
  1818 | D:2      | Reached skill level 4 in Spellcasting
  1898 | D:1      | Reached * piety under Vehumet
  1898 | D:1      | Offered knowledge of Kiss of Death by Vehumet.
  1910 | D:1      | Learned a level 1 spell: Kiss of Death
  2205 | D:2      | Noticed a black bear
  2324 | D:2      | Killed a black bear
  2325 | D:2      | Reached XP level 5. HP: 21/28 MP: 8/13
  2381 | D:2      | Found a faded altar of an unknown god.
  2683 | D:4      | Reached XP level 6. HP: 32/32 MP: 14/14
  2919 | D:5      | Entered Level 5 of the Dungeon
  2927 | D:5      | Got the Parchment of the Lumpy Olives
  2943 | D:5      | Found a shadowy altar of Dithmenos.
  3059 | D:5      | Learned a level 3 spell: Teleport Other
  3116 | D:5      | Offered knowledge of Scorch by Vehumet.
  3117 | D:5      | Reached skill level 5 in Spellcasting
  3120 | D:5      | Learned a level 2 spell: Scorch
  3158 | D:5      | Reached ** piety under Vehumet
  3159 | D:5      | Reached skill level 1 in Fire Magic
  3237 | D:5      | Reached XP level 7. HP: 36/36 MP: 16/16
  3417 | D:5      | Reached skill level 1 in Translocations
  3729 | D:6      | Reached skill level 5 in Dodging
  3729 | D:6      | Reached skill level 5 in Stealth
  3729 | D:6      | Reached skill level 6 in Spellcasting
  3922 | D:6      | Noticed Pikel
  3999 | D:6      | Reached XP level 8. HP: 37/41 MP: 11/19
  4095 | D:6      | Found a blossoming altar of Fedhas.
  4184 | D:6      | Reached skill level 1 in Throwing
  4211 | D:6      | Found a staircase to the Ecumenical Temple.
  4214 | D:6      | Noticed Blork the orc
  4221 | D:6      | Killed Blork the orc
  4345 | D:6      | Killed Pikel
  4346 | D:6      | Reached skill level 7 in Spellcasting
  4721 | D:7      | Reached skill level 8 in Spellcasting
  4874 | D:7      | Reached XP level 9. HP: 45/45 MP: 23/23
  5069 | D:7      | Noticed Menkaure
  5074 | D:7      | Killed Menkaure
  5264 | D:7      | Found a runed translucent door.
  5265 | D:7      | Noticed Crazy Yiuf
  5272 | D:7      | Killed Crazy Yiuf
  5272 | D:7      | Offered knowledge of Mephitic Cloud by Vehumet.
  5277 | D:7      | Learned a level 3 spell: Mephitic Cloud
  5439 | D:7      | Noticed Joseph
  5460 | D:7      | Reached skill level 1 in Shields
  5663 | D:7      | Killed Joseph
  5664 | D:7      | Reached skill level 5 in Short Blades
  5664 | D:7      | Reached skill level 9 in Spellcasting
  5664 | D:7      | Reached skill level 1 in Conjurations
  5690 | D:8      | Reached skill level 1 in Poison Magic
  5797 | D:8      | Noticed a two-headed ogre
  5879 | D:8      | Reached skill level 1 in Air Magic
  5966 | D:7      | Reached *** piety under Vehumet
  6067 | D:8      | Offered knowledge of Flame Wave by Vehumet.
  6079 | D:7      | Learned a level 4 spell: Flame Wave
  6389 | D:8      | Killed a two-headed ogre
  6390 | D:8      | Reached XP level 10. HP: 50/50 MP: 21/25
  6412 | D:8      | Found a hide-covered altar of Uskayaw.
  6485 | D:8      | Found a transporter.
  6485 | D:8      | Found a transporter.
  6488 | D:8      | Found a transporter.
  6489 | D:8      | Found a transporter.
  6853 | D:7      | Reached **** piety under Vehumet
  7292 | D:9      | Found a flagged portal.
  7298 | D:9      | Reached skill level 10 in Spellcasting
  7325 | Bailey   | Entered a bailey
  7424 | Bailey   | Offered knowledge of Stone Arrow by Vehumet.
  7429 | Bailey   | Learned a level 3 spell: Stone Arrow
  7457 | Bailey   | Reached skill level 1 in Long Blades
  7471 | Bailey   | Noticed an orc knight
  7471 | Bailey   | Noticed an orc knight
  7523 | Bailey   | Killed an orc knight
  7564 | Bailey   | Killed an orc knight
  7602 | Bailey   | Identified the +2 bardiche of Puhoisos {heavy, rElec
                  | Stlth+}
  7838 | D:9      | Noticed Harold
  7891 | D:9      | Noticed a two-headed ogre
  7904 | D:9      | Killed a two-headed ogre
  7905 | D:9      | Reached skill level 1 in Fighting
  7939 | D:9      | Found a sparkling altar of Nemelex Xobeh.
  7984 | D:9      | Noticed an orange demon
  7991 | D:10     | Entered Level 10 of the Dungeon
  8324 | D:10     | Reached skill level 11 in Spellcasting
  8324 | D:10     | Reached skill level 5 in Translocations
  8435 | D:9      | Reached XP level 11. HP: 39/56 MP: 19/28
  8753 | D:9      | Reached ***** piety under Vehumet
  9047 | D:9      | Killed Harold
  9047 | D:9      | Offered knowledge of Sticky Flame by Vehumet.
  9064 | D:9      | Learned a level 4 spell: Sticky Flame
  9270 | D:10     | Found a sacrificial altar of Ru.
  9532 | D:10     | Reached skill level 12 in Spellcasting
  9705 | D:10     | Found a staircase to the Orcish Mines.
  9804 | Orc:1    | Entered Level 1 of the Orcish Mines
  9806 | Orc:1    | Noticed an orc knight
  9819 | Orc:1    | Killed an orc knight
 10207 | D:2      | Bought the ring of the Mage {Wiz Archmagi} for 714 gold
                  | pieces
 10207 | D:2      | Found the ring of the Mage {Wiz Archmagi}
 10523 | D:11     | Reached skill level 13 in Spellcasting
 10693 | D:11     | Got Simple Magic
 10723 | D:11     | Noticed Lodul
 10729 | D:11     | Reached skill level 5 in Air Magic
 11113 | D:12     | Learned a level 2 spell: Wereblood
 11205 | D:11     | Reached skill level 1 in Transmutations
 11209 | D:11     | Reached XP level 12. HP: 64/64 MP: 29/31
 11359 | D:11     | Found Fagafuf's Pet Rocks.
 11427 | D:11     | Found a staircase to the Lair.
 11775 | D:12     | Found a portal to a secret trove of treasure.
 11820 | D:12     | Reached skill level 1 in Armour
 11839 | D:12     | Learned a level 2 spell: Poisonous Vapours
 11845 | D:12     | Learned a level 5 spell: Freezing Cloud
 11858 | D:12     | Reached skill level 14 in Spellcasting
 11927 | D:12     | Learned a level 5 spell: Fireball
 12041 | D:12     | Reached skill level 5 in Conjurations
 12041 | D:12     | Reached skill level 5 in Fire Magic
 12446 | D:11     | Offered knowledge of Irradiate by Vehumet.
 12455 | D:11     | Killed Lodul
 12463 | D:11     | Learned a level 5 spell: Irradiate
 12493 | D:11     | Noticed Psyche
 12494 | D:11     | Noticed a two-headed ogre
 12507 | D:11     | Killed Psyche
 12508 | D:11     | Reached skill level 1 in Ice Magic
 12514 | D:11     | Killed a two-headed ogre
 12651 | Trove    | Entered a treasure trove
 12660 | Trove    | Identified the ring of Akemeir {Fire Str+4}
 12671 | Trove    | Identified the ring of Descent {rPois rC+ Int+5 Stlth-}
 12679 | Trove    | Identified the +3 ring mail "Poady" {+Inv rF+ Dex+2 Slay-4}
 12747 | Lair:1   | Entered Level 1 of the Lair of Beasts
 13830 | Lair:2   | Reached skill level 5 in Fighting
 14230 | Lair:2   | Reached XP level 13. HP: 55/72 MP: 23/33
 14304 | Lair:2   | Found a staircase to the Shoals.
 14357 | Lair:2   | Found a transporter.
 14357 | Lair:2   | Found a transporter.
 14376 | Lair:2   | Reached skill level 15 in Spellcasting
 14863 | Lair:3   | Identified the +3 leather armour of Okawaru's Inspiration
                  | {Str+4}
 15248 | Lair:3   | Found a hole to the Spider Nest.
 15617 | Lair:4   | Reached skill level 10 in Dodging
 15929 | Lair:4   | Learned a level 3 spell: Ignite Poison
 15935 | Lair:4   | Noticed Rupert
 15977 | Lair:4   | Killed Rupert
 16451 | Lair:5   | Entered Level 5 of the Lair of Beasts
 16456 | Lair:5   | Reached skill level 10 in Necromancy
 16457 | Lair:5   | Reached skill level 16 in Spellcasting
 16457 | Lair:5   | Reached skill level 5 in Transmutations
 16603 | Lair:5   | Found a runed translucent door.
 16604 | Lair:5   | Noticed a fire dragon
 16702 | Lair:5   | Reached XP level 14. HP: 76/80 MP: 28/36
 16824 | Lair:5   | Found a viscous altar of Jiyva.
 16824 | Lair:5   | Found a staircase to the Slime Pits.
 17852 | Lair:5   | Got Utragud's Papyrus of the Inquisitive Olives
 18324 | Orc:2    | Entered Level 2 of the Orcish Mines
 18575 | Orc:2    | Reached skill level 5 in Ice Magic
 18932 | D:4      | Bought the +8 arc blade {discharge, rElec} for 1740 gold
                  | pieces
 18932 | D:4      | Found the +8 arc blade {discharge, rElec}
 19129 | Orc:1    | Noticed an orc warlord
 19155 | Orc:1    | Killed an orc warlord
 19443 | Orc:2    | Reached skill level 17 in Spellcasting
 19457 | Orc:2    | Found Roezostra's General Store.
 19463 | Orc:2    | Found Bamnuus's General Store.
 19470 | Orc:2    | Offered knowledge of Ozocubu's Refrigeration by Vehumet.
 19515 | Orc:2    | Learned a level 7 spell: Ozocubu's Refrigeration
 19638 | Orc:2    | Noticed an orc warlord
 19652 | Orc:2    | Killed an orc warlord
 19658 | Orc:2    | Found a staircase to the Elven Halls.
 19767 | Orc:2    | Noticed Azrael
 19773 | Orc:2    | Killed Azrael
 20016 | Orc:2    | Reached skill level 5 in Poison Magic
 20082 | Orc:2    | Found Huzal's Antique Armour Boutique.
 20082 | Orc:2    | Found a one-way gate leading to the halls of Pandemonium.
 20082 | Orc:2    | Found Jyohez's Book Shop.
 20098 | Orc:2    | Bought a runed helmet for 270 gold pieces
 20326 | Spider:1 | Entered Level 1 of the Spider Nest
 20337 | Spider:1 | Reached XP level 15. HP: 88/88 MP: 38/38
 20354 | Spider:1 | Reached skill level 18 in Spellcasting
 20364 | Spider:1 | Identified the +1 pair of boots of Piysunuo {Str+3}
 20774 | Orc:2    | Bought a Young Poisoner's Handbook for 300 gold pieces
 20779 | Orc:2    | Learned a level 4 spell: Olgreb's Toxic Radiance
 20997 | Spider:1 | Offered knowledge of Orb of Destruction by Vehumet.
 22072 | Spider:2 | Acquired a +3 demon blade of flaming
 22079 | Spider:2 | Acquired the ring of Daythy {rF+ rCorr Str-4 Int+2 Dex+3
                  | SInv}
 22081 | Spider:2 | Acquired 551 gold pieces
 22371 | Spider:3 | Reached skill level 19 in Spellcasting
 22609 | Spider:3 | Noticed an emperor scorpion
 22621 | Spider:3 | Killed an emperor scorpion
 22723 | Spider:3 | Noticed an emperor scorpion
 22730 | Spider:3 | Killed an emperor scorpion
 23174 | Spider:4 | Entered Level 4 of the Spider Nest
 23174 | Spider:4 | Noticed Mara
 23182 | Spider:4 | Noticed Esekla's illusion
 23311 | Spider:4 | Killed Mara
 23396 | Spider:4 | Noticed an emperor scorpion
 23517 | Spider:4 | Killed an emperor scorpion
 24027 | Spider:4 | Offered knowledge of Lee's Rapid Deconstruction by Vehumet.
 24038 | Spider:4 | Noticed an emperor scorpion
 24055 | Spider:4 | Killed an emperor scorpion
 24056 | Spider:4 | Reached XP level 16. HP: 76/96 MP: 35/41
 24062 | Spider:4 | Learned a level 5 spell: Lee's Rapid Deconstruction
 24599 | Spider:4 | Reached skill level 20 in Spellcasting
 24854 | Spider:4 | Reached skill level 1 in Evocations
 24964 | Spider:4 | Got a gossamer rune of Zot
 25120 | Shoals:1 | Entered Level 1 of the Shoals
 25353 | Shoals:1 | Reached skill level 1 in Earth Magic
 25712 | Shoals:2 | Reached skill level 21 in Spellcasting
 25722 | Shoals:2 | Reached skill level 10 in Fighting
 25725 | Shoals:2 | Reached ****** piety under Vehumet
 26057 | Shoals:2 | Found Biskeott's Firing Range.
 26586 | Shoals:3 | Found Zemonaik's Distillery.
 26699 | Shoals:3 | Noticed Ilsuiw
 26705 | Shoals:3 | Reached XP level 17. HP: 62/102 MP: 44/44
 26706 | Shoals:3 | Killed Ilsuiw
 26803 | Shoals:3 | Offered knowledge of Eringya's Noxious Bog by Vehumet.
 27286 | Shoals:2 | Identified the +1 animal skin "Kougi" {rPois rF++ MP+9}
 27362 | Shoals:3 | Noticed a kraken
 27400 | Shoals:3 | Killed a kraken
 27704 | Shoals:4 | Entered Level 4 of the Shoals
 27800 | Shoals:4 | Reached skill level 22 in Spellcasting
 27891 | Shoals:4 | Shot with an arrow by a satyr

Illustrated notes

Levels and vault maps discovered:
D:1:      sevenhm_arrival_forest_fort_small_3, layout_rooms,
          chequers_serial_rivers_room_b, minmay_misc_feat_five
D:2:      layout_loops_ring, dreamdust_ecumenical_altar_angels_and_demons,
          serial_shops, shop
D:3:      layout_basic, grunt_temple_overflow_open, minmay_misc_feat_iff
D:4:      layout_basic, nicolae_overflow_quartered_altars, serial_shops,
          nicolae_diamond_shop
D:5:      layout_loops_ring, lemuel_doored_altar, minmay_misc_feat_rows,
          dreamdust_wishing_well
D:6:      layout_loops_cross, fedhas_altar_fruit_tree,
          minmay_temple_entry_glass, uniq_pikel, uniq_blork_the_orc
D:7:      layout_basic, uniq_menkaure, uniq_joseph, uniq_crazy_yiuf_cottage
D:8:      layout_basic, nicolae_uskayaw_dance_hall, serial_demonic,
          serial_demonic_d, serial_demonic_a, serial_demonic_c,
          serial_demonic_c, nicolae_diode_quadrants
D:9:      layout_irregular_city, kennysheep_little_box, enter_bailey_4,
          minmay_between, uniq_harold
D:10:     layout_basic, nicolae_ru_awakened_eye
D:11:     layout_rooms, hellmonk_lair_entry_icy, serial_ice, serial_ice_j,
          serial_ice_m, serial_ice_o, serial_ice_c, serial_ice_g, serial_ice_f,
          guppyfry_shop_earth, uniq_psyche, uniq_lodul
D:12:     layout_roguey, nicolae_trove_entry_crossroad
Lair:1:   layout_small_grid
Lair:2:   gammafunk_boulding_lane, layout_small_grid, elwin_shoals_entry_rooms
Lair:3:   kb_forest_paths, layout_chaotic_city, spider_nest_entry_rubble
Lair:4:   layout_hall_layers, grunt_megastairs_3, lemuel_fruit_fields,
          uniq_rupert
Lair:5:   guppyfry_lair_end_dragon, layout_misc_corridors, wormcave,
          dpeg_slime_entry_enclosed
Shoals:1: layout_shoals, nicolae_shoals_nautilus_by_nature
Shoals:2: argonaut_golden_fleece, layout_shoals, nicolae_shop_firing_range
Shoals:3: layout_shoals, serial_shops, shop, nicolae_shoals_lost_giant_hut,
          uniq_ilsuiw
Shoals:4: shoals_end_hellmonk_lost_city, serial_shops
Spider:1: layout_spider_delve, nicolae_spider_some_kinda_spiderbox
Spider:2: layout_spider_delve, nicolae_spider_twisty_arc_passages
Spider:3: layout_chambers, nicolae_orb_stairs
Spider:4: grunt_spider_rune_circles, guppyfry_hornet_nest, uniq_mara
Orc:1:    layout_caves
Orc:2:    pf_orc_diabolical, layout_diamond_mine, uniq_azrael

Skill      XL: |  1  2  3  4  5  6  7  8  9 10 11 12 13 14 15 16 17 |
---------------+----------------------------------------------------+-----
Necromancy     | 5 6 7 8 9 10 11 | 11.1
Short Blades   | 1 2 3 4 5 |  5.5
Stealth        | 3 4 5 6 7 |  7.0
Dodging        | 3 4 5 6 7 8 9 10 11 12 13 | 13.7
Spellcasting   | 4 5 6 8 9 11 13 14 16 17 19 21 22 | 22.1
Fire Magic     | 1 2 3 4 5 6 7 |  7.2
Translocations | 1 3 4 5 |  5.3
Throwing       | 1 2 |  2.3
Shields        | 2 3 |  3.2
Conjurations   | 2 3 4 6 7 |  7.1
Poison Magic   | 2 3 4 5 6 7 |  7.5
Air Magic      | 1 3 5 6 7 8 |  8.3
Long Blades    | 1 2 3 4 |  4.2
Fighting       | 1 3 5 6 7 9 10 | 10.4
Transmutations | 1 3 5 6 7 |  7.8
Armour         | 2 3 4 |  4.0
Ice Magic      | 2 4 5 7 8 |  8.4
Evocations     | 1 |  1.1
Earth Magic    | 3 4 |  4.4

Action                     |  1- 3 |  4- 6 |  7- 9 | 10-12 | 13-15 | 16-18 || total
---------------------------+-------+-------+-------+-------+-------+-------++-------
  Melee: Short sword       |    80 |       |       |       |       |       ||    80
         Unarmed           |     9 |       |       |       |       |       ||     9
         Rapier            |     3 |    84 |    86 |    50 |   130 |    19 ||   372
         Scimitar          |       |       |    44 |   246 |    94 |       ||   384
         Demon blade       |       |       |       |       |       |    58 ||    58
  Throw: Dart              |       |     4 |    17 |    39 |       |       ||    60
         Boomerang         |       |       |       |     2 |     6 |     4 ||    12
   Cast: Vampiric Draining |       |    12 |    61 |   148 |    72 |    53 ||   346
         Teleport Other    |       |       |     3 |       |       |       ||     3
         Scorch            |       |       |    17 |   133 |     2 |       ||   152
         Flame Wave        |       |       |     3 |     4 |       |       ||     7
         Mephitic Cloud    |       |       |       |    27 |    21 |       ||    48
         Sticky Flame      |       |       |       |    18 |    54 |    15 ||    87
         Poisonous Vapours |       |       |       |    23 |   217 |    89 ||   329
         Freezing Cloud    |       |       |       |    14 |    54 |    19 ||    87
         Wereblood         |       |       |       |     6 |    25 |    11 ||    42
         Ignite Poison     |       |       |       |       |   111 |    69 ||   180
         Irradiate         |       |       |       |       |    13 |     7 ||    20
         Fireball          |       |       |       |       |     3 |       ||     3
         Olgreb's Toxic Ra |       |       |       |       |    13 |    22 ||    35
         Ozocubu's Refrige |       |       |       |       |     4 |     9 ||    13
  Evoke: Wand              |       |       |     6 |     2 |     5 |     7 ||    20
    Use: Scroll            |     1 |       |     9 |    12 |    11 |     2 ||    35
         Potion            |     3 |       |     3 |     1 |     3 |     7 ||    17
   Stab: Sleeping          |     2 |    13 |    11 |    10 |     5 |     1 ||    42
         Distracted        |       |       |     2 |     1 |       |       ||     3
         Confused          |       |       |       |     8 |     2 |       ||    10
         Petrifying        |       |       |       |       |     1 |       ||     1
         Petrified         |       |       |       |       |     1 |       ||     1
 Armour: Robe              |    19 |    13 |    41 |     5 |       |       ||    78
         Steam dragon scal |       |       |       |   123 |       |       ||   123
         Troll leather arm |       |       |       |    17 |   121 |    93 ||   231
  Dodge: Dodged            |    68 |    67 |   159 |   393 |   318 |   214 ||  1219
         Repelled          |       |       |       |       |       |     6 ||     6
  Block: Buckler           |       |       |    20 |   121 |   113 |    52 ||   306
